 Dungeon Crawl Stone Soup version 0.17-a0-473-gfd9ac06 (webtiles) character file.

140 Kisielow the Changer (level 5, -7/55 HPs)
             Began as a Merfolk Transmuter on Apr 7, 2015.
             Mangled by Crazy Yiuf
             ... wielding a +2 quarterstaff of chaos
              (12 damage)
             ... while paralysed by Crazy Yiuf
             ... on level 3 of the Dungeon.
             The game lasted 00:10:46 (3240 turns).

Kisielow the Changer (Merfolk Transmuter)           Turns: 3240, Time: 00:10:46

Health: -7/55      AC:  3    Str: 15    XL:     5   Next: 23%
Magic:  2/8        EV:  2    Int: 13    God:
Gold:   140        SH:  0    Dex: 15    Spells: 2 memorised, 4 levels left

rFire  + . .     SeeInvis +       - Unarmed
rCold  . . .     Clarity  .     c - +0 robe
rNeg   + . .     SustAb   .     (no shield)
rPois  .         Gourm    .     (no helmet)
rElec  .         Spirit   .     o - +0 cloak
rCorr  .         Warding  +     (no gloves)
rMut   .         Stasis   .     (no boots)
MR     .....                    n - amulet of warding
Stlth  ..........               i - ring of see invisible
                                r - ring of protection from fire

@: paralysed, berserking, not resistant to hostile enchantments, extremely
unstealthy
A: change form in water, swift swim
a: no special abilities


You were on level 3 of the Dungeon.
You were not hungry.

You visited 1 branch of the dungeon, and saw 3 of its levels.

You collected 140 gold pieces.

Inventory:

Missiles
 b - 21 arrows
Armour
 c - a +0 robe (worn)
 o - a +0 cloak (worn)
Jewellery
 i - a ring of see invisible (right hand)
 n - an amulet of warding (around neck)
 r - a ring of protection from fire (left hand)
Scrolls
 e - a scroll of identify
 h - a scroll of enchant armour {unknown}
Potions
 f - 2 potions of curing
 g - a potion of agility {unknown}
 p - a potion of resistance {unknown}
 q - a potion of might
Books
 d - a book of Changes

   Spells                             Type                      Level
   a - Beastly Appendage              Transmutation                1
   b - Sticks to Snakes               Transmutation                2
   c - Spider Form                    Transmutation/Poison         3
   d - Ice Form                       Ice/Transmutation            4
   e - Blade Hands                    Transmutation                5
Comestibles
 a - a bread ration
 k - 2 meat rations
 l - a royal jelly
 m - a beef jerky


   Skills:
 - Level 1.1 Fighting
 - Level 2.6 Dodging
 + Level 4.5 Unarmed Combat
 - Level 2.0 Spellcasting
 - Level 5.3 Transmutations
 * Level 1.6 Poison Magic


You had 4 spell levels left.
You knew the following spells:

 Your Spells              Type           Power        Failure   Level  Hunger
a - Beastly Appendage     Trmt           ###...       3%          1    ##.....
s - Spider Form           Trmt/Pois      ##........   17%         3    ####...


Dungeon Overview and Level Annotations

Branches:
Dungeon (3/15)

Altars:

Annotations:
D:3 Crazy Yiuf


Message History

A red film seems to cover your vision as you go berserk!
You feel yourself moving faster!
You feel mighty!
You bite Crazy Yiuf!
Crazy Yiuf is poisoned.
Crazy Yiuf is moderately wounded.
You hit Crazy Yiuf.
Crazy Yiuf is heavily wounded.
Crazy Yiuf hits you with a quarterstaff of chaos!
You suddenly lose the ability to move!
Crazy Yiuf hits you with a quarterstaff of chaos!
Crazy Yiuf burns you.
Crazy Yiuf hits you with a quarterstaff of chaos!
* * * LOW HITPOINT WARNING * * *
Crazy Yiuf barely misses you.
Crazy Yiuf hits you with a quarterstaff of chaos!
* * * LOW HITPOINT WARNING * * *
You feel your power leaking away.
Your transformation has ended.
Your +0 cloak unmelds from your body.
Your +0 robe unmelds from your body.
Crazy Yiuf hits you with a quarterstaff of chaos!
You die...

.....#####.#
#....#
...(....##.#
#....#
##.####.##.#
#...P# ##.#
##.# #.P.##
...# #.#
##.## ####
#.# #.##
##.# #.##
##@# ####
#g# #..# ...
#..# #...#
##.# #..)#
#.##### .
#####
#.....# .#
##.###.# ?#
##..# #.#
.## #.)##
#.#


You could see Crazy Yiuf.

Vanquished Creatures
  A worker ant (D:3)
  4 adders
  2 worms
  A giant gecko (D:1)
  6 orcs (D:3)
  4 bats
  5 giant cockroaches
  11 goblins
  5 hobgoblins
  5 jackals (D:1)
  2 ball pythons (D:2)
  4 giant newts
  10 kobolds
  12 rats
72 creatures vanquished.

Notes
Turn   | Place    | Note
--------------------------------------------------------------
     0 | D:1      | Kisielow, the Merfolk Transmuter, began the quest for the Orb.
     0 | D:1      | Reached XP level 1. HP: 15/15 MP: 3/3
   250 | D:1      | Reached XP level 2. HP: 21/21 MP: 3/5
   343 | D:1      | Reached skill level 4 in Unarmed Combat
   732 | D:1      | HP: 1/21 [goblin/dagger (4)]
  1505 | D:1      | Reached XP level 3. HP: 18/26 MP: 4/6
  1510 | D:1      | Learned a level 3 spell: Spider Form
  2282 | D:2      | Reached skill level 1 in Poison Magic
  2282 | D:2      | Reached XP level 4. HP: 32/32 MP: 5/7
  3084 | D:3      | Reached skill level 5 in Transmutations
  3084 | D:3      | Reached XP level 5. HP: 32/37 MP: 6/8
  3229 | D:3      | Noticed Crazy Yiuf
  3234 | D:3      | Paralysed by Crazy Yiuf for 6 turns
  3240 | D:3      | Mangled by Crazy Yiuf

Action                   |  1- 3 |  4- 6 || total
-------------------------+-------+-------++-------
Melee: Unarmed           |   144 |    87 ||   231
 Cast: Beastly Appendage |    23 |     9 ||    32
       Spider Form       |     3 |     5 ||     8
  Use: Scroll            |       |     6 ||     6
 Stab: Sleeping          |       |     1 ||     1
  Eat: Chunk             |     6 |     4 ||    10
